 Dungeon Crawl Stone Soup version 0.31.0-12-g77e489cdc1 (webtiles) character file.

Game seed: 574375742232364594

4046 lonewolfV2 the Cleaver (level 10, -2/80 HPs)
             Began as a Formicid Fighter on Feb 14, 2024.
             Was an Initiate of Qazlal.
             Killed from afar by an efreet (23 damage)
             ... with a bolt of fire
             ... on level 8 of the Dungeon.
             The game lasted 00:15:44 (7766 turns).

lonewolfV2 the Cleaver (Formicid Fighter)           Turns: 7766, Time: 00:15:45

Health: -2/80      AC: 17    Str: 23    XL:     10   Next: 48%
Magic:  13/14      EV:  6    Int:  8    God:    Qazlal [......]
Gold:   274        SH:  6    Dex: 15    Spells: 9/9 levels left

rFire   . . .        x - +3 battleaxe (heavy)
rCold   . . .        c - +0 buckler
rNeg    . . .        n - +0 plate armour
rPois   .            (helmet unavailable)
rElec   .            g - +2 cloak
rCorr   .            (no gloves)
SInv    +            (no boots)
Will    ++...        (no amulet) Stlth
                     (no ring)
HPRegen 0.33/turn    (no ring)
MPRegen 0.14/turn

%: no passive effects
@: enlightened, flying, studying Translocations
A: permanent stasis, dig shafts and tunnels, antennae 3, four strong arms
a: Dig, Shaft Self, Renounce Religion


You were on level 8 of the Dungeon.
You worshipped Qazlal.
Qazlal was noncommittal.
You visited 2 branches of the dungeon, and saw 9 of its levels.

You collected 274 gold pieces.

Inventory:

Hand Weapons
 a - a +1 vampiric war axe
 v - a +0 spectral battleaxe
 x - a +3 heavy battleaxe (weapon)
 z - the +11 falchion of Checkmate {freeze, Fly rN++ rCorr Str-2}
   (You found it on level 8 of the Dungeon)

   Str-2:     It affects your strength (-2).
   rN++:      It greatly protects you from negative energy.
   Fly:       It grants you flight.
   rCorr:     It protects you from acid and corrosion.
Armour
 c - a +0 buckler (worn)
 g - a +2 cloak (worn)
 n - a +0 plate armour (worn)
Jewellery
 p - an amulet of magic regeneration
 w - a ring of magical power
Wands
 e - a wand of paralysis (9)
 k - a wand of roots (9)
 m - a wand of polymorph (6)
Scrolls
 i - 2 scrolls of fog
 j - a scroll of vulnerability
 o - a scroll of revelation
 q - a scroll of poison
 y - a scroll of enchant armour
Potions
 b - 2 potions of haste
 d - a potion of curing {unknown}
 f - 2 potions of brilliance
 h - a potion of heal wounds
 l - a potion of enlightenment
 r - a potion of attraction {unknown}
 s - a potion of invisibility {unknown}
 t - a potion of resistance {unknown}
 u - a potion of degeneration {unknown}


   Skills:
 - Level 8.0 Fighting
 + Level 8.5 Axes
 - Level 8.0 Armour
 - Level 8.0 Shields
 * Level 6.1 Invocations


You had 9 spell levels left.
You didn't know any spells.
Your spell library contained the following spells:

 Spells                   Type           Power      Damage    Failure   Level
 Sandblast                Erth           0%         2d4       100%        1
 Sting                    Conj/Alch      0%         1d3       100%        1
 Ensorcelled Hibernation  Hex/Ice        0%         N/A       100%        2
 Lesser Beckoning         Tloc           0%         N/A       100%        2
 Mercury Vapours          Alch/Air       0%         N/A       100%        2
 Gell's Gravitas          Tloc           0%         N/A       100%        3
 Passwall                 Erth           0%         N/A       100%        3
 Stone Arrow              Conj/Erth      0%         3d7       100%        3
 Summon Ice Beast         Ice/Summ       0%         N/A       100%        3
 Teleport Other           Tloc           0%         N/A       100%        3
 Volatile Blastmotes      Fire/Tloc      0%         2d10      100%        3
 Brom's Barrelling Bould  Conj/Erth      0%         2d3       100%        4
 Fulminant Prism          Conj/Alch      0%         3d5       100%        4
 Iskenderun's Mystic Bla  Conj/Tloc      0%         2d3       100%        4
 Olgreb's Toxic Radiance  Alch           0%         N/A       100%        4
 Summon Mana Viper        Hex/Summ       0%         N/A       100%        5
 Monstrous Menagerie      Summ           0%         N/A       100%        7
 Swiftness                Air            Unusable   N/A       N/A         3

Dungeon Overview and Level Annotations

Branches:
Dungeon (8/15)             Temple (1/1) D:6
   Lair: D:8-11

Altars:
Ashenzari
Cheibriados
Dithmenos
Elyvilon
Fedhas
Gozag
Hepliaklqana
Makhleb
Nemelex Xobeh
Okawaru
Qazlal
Ru
Sif Muna
Trog
Uskayaw
Vehumet
Wu Jian
Xom
Yredelemnul
Zin
The Shining One

Annotations:
D:7 2 transporters
D:8 Jeremiah


Innate Abilities, Weirdness & Mutations

You cannot be hasted, slowed, berserked, paralysed or teleported.
You can dig through walls and to a lower floor.
You have a pair of large antennae on your head. (SInv)
Your four strong arms can wield two-handed weapons with a shield.


Message History

You feel very buoyant.
You fly up into the air.
The centaur warrior hits you but does no damage.
The centaur warrior completely misses you.
You block the centaur warrior's attack.
The centaur warrior kicks you but does no damage.
The orc wizard hits you but does no damage.
The orc wizard hits you with a +0 dagger.
The centaur warrior hits you but does no damage.
The centaur warrior kicks you but does no damage.
The centaur warrior hits you but does no damage.
The centaur warrior kicks you but does no damage.
You slice the centaur warrior!!
You kill the centaur warrior!
Qazlal accepts your kill.
You closely miss the orc wizard. You barely miss the centaur warrior.
You closely miss the orc wizard. The centaur warrior hits you!
The centaur warrior kicks you but does no damage.
The orc wizard gestures at you while chanting.
The magic dart hits you. The orc wizard casts a spell at you.
You resist with almost no effort.
A laughing skull comes into view.
The centaur warrior hits you but does no damage.
The centaur warrior kicks you but does no damage.
You block the orc wizard's attack.
The orc wizard hits you but does no damage. x2
Your Invocations skill gained 2 levels and is now at level 6!
The centaur warrior hits you.
The centaur warrior kicks you but does no damage.
The orc wizard hits you but does no damage.
The orc priest calls down the wrath of Beogh upon you.
Beogh smites you!
* * * LOW HITPOINT WARNING * * *
You block the orc wizard's attack. The efreet gestures at you.
The bolt of fire hits the orc wizard!!
The orc wizard dies!
The bolt of fire hits you!!
You die...

.........#|..........#
.........#......##...##
.........#......##....###
.........#...............
.........#....#....#.##.
...................#.#
...........##..°R..#
...........##.oc)o.#
..............oo@.|#
#####....#.F.o######
....zbo..☼ .##.b..{. { {
#.o..{. { .oo...○ .c#....
..#....


You could see a centaur warrior, Jeremiah, an efreet, a laughing skull, an orc
priest and 5 orc wizards.

Vanquished Creatures
  A centaur warrior (D:8)
  A cyclops (D:8)
  A wyvern (D:7)
  2 water moccasins
  Duvessa (D:6)
  2 black bears
  3 orc warriors
  3 phantoms
  Blork the orc (D:4)
  5 bullfrogs
  3 scorpions
  3 wights (D:7)
  Dowan (D:6)
  5 hounds
  A bombardier beetle (D:4)
  3 orc priests
  A jelly (D:6)
  2 sleepcaps
  Jessica (D:2)
  12 orc wizards
  Ijyb (D:4)
  Natasha (thrice) (D:2)
  3 iguanas
  4 gnolls (D:3)
  16 adders
  A white imp (D:7)
  4 ribbon worms
  2 dart slugs
  27 orcs
  6 ball pythons
  6 endoplasms
  6 giant cockroaches
  6 hobgoblins
  9 jackals
  6 quokkas
  6 bats
  6 frilled lizards
  9 goblins
  8 kobolds
  5 rats
186 creatures vanquished.

Vanquished Creatures (others)
  An orc wizard (D:8)
  A spectral weapon (D:6)
2 creatures vanquished.

Grand Total: 188 creatures vanquished

Notes
Turn   | Place    | Note
-------+----------+-------------------------------------------
     0 | D:1      | lonewolfV2 the Formicid Fighter began the quest for the
                  | Orb.
     0 | D:1      | Reached XP level 1. HP: 18/18 MP: 1/1
   148 | D:1      | Reached XP level 2. HP: 24/24 MP: 2/2
   316 | D:1      | Reached XP level 3. HP: 22/30 MP: 3/3
   615 | D:2      | Noticed Natasha
   622 | D:2      | Killed Natasha
   623 | D:2      | Reached XP level 4. HP: 36/38 MP: 4/4
   773 | D:2      | Identified the +4 ring mail "Jommybus" {rF- Int+4}
   908 | D:2      | Noticed Jessica
   920 | D:2      | Killed Jessica
   921 | D:2      | Reached XP level 5. HP: 38/43 MP: 5/5
  1043 | D:2      | Noticed Natasha
  1057 | D:2      | Killed Natasha
  1058 | D:2      | Reached skill level 5 in Fighting
  1058 | D:2      | Reached skill level 5 in Armour
  1134 | D:2      | Noticed Natasha
  1150 | D:2      | Killed Natasha
  1523 | D:3      | Reached XP level 6. HP: 51/51 MP: 6/6
  2367 | D:3      | Reached XP level 7. HP: 54/58 MP: 7/7
  2740 | D:4      | Identified the +5 ring mail of Mumblety Peg {rF+ rC++}
  2791 | D:4      | Noticed Ijyb
  2814 | D:4      | Killed Ijyb
  3181 | D:4      | Noticed Blork the orc
  3194 | D:4      | Killed Blork the orc
  3195 | D:4      | Reached XP level 8. HP: 47/67 MP: 8/8
  3544 | D:5      | Entered Level 5 of the Dungeon
  3855 | D:5      | Found a blossoming altar of Fedhas.
  3857 | D:5      | Found a shadowy altar of Dithmenos.
  4347 | D:5      | Reached skill level 5 in Shields
  4643 | D:5      | Reached XP level 9. HP: 65/74 MP: 9/9
  5435 | D:6      | Found a bloodstained altar of Trog.
  5435 | D:6      | Found a faded altar of an unknown god.
  5447 | D:6      | Found a white marble altar of Elyvilon.
  5453 | D:6      | Found a shimmering blue altar of Sif Muna.
  5455 | D:6      | Found a faded altar of an unknown god.
  5492 | D:6      | Found a staircase to the Ecumenical Temple.
  5506 | Temple   | Entered the Ecumenical Temple
  5551 | Temple   | Became a worshipper of Qazlal Stormbringer
  5656 | D:6      | Reached skill level 5 in Axes
  5926 | D:6      | Noticed Duvessa
  5933 | D:6      | Killed Duvessa
  5933 | D:6      | Noticed Dowan
  5937 | D:6      | Killed Dowan
  6474 | D:6      | Found a hazy altar of Hepliaklqana.
  6571 | D:7      | Found a transporter.
  7002 | D:7      | Noticed a manticore
  7002 | D:7      | Noticed a manticore
  7006 | D:7      | Noticed a gargoyle
  7007 | D:7      | Found a shimmering altar of Xom.
  7018 | D:7      | Found a transporter.
  7042 | D:7      | Reached XP level 10. HP: 80/80 MP: 10/10
  7109 | D:7      | Found an opulent altar of Gozag.
  7174 | D:7      | Found a glowing golden altar of the Shining One.
  7485 | D:7      | Found a basalt altar of Yredelemnul.
  7692 | D:8      | Identified the +11 falchion of Checkmate {freeze, Fly rN++
                  | rCorr Str-2}
  7708 | D:8      | Noticed a cyclops
  7716 | D:8      | Killed a cyclops
  7752 | D:8      | Noticed an efreet
  7752 | D:8      | Noticed a centaur warrior
  7757 | D:8      | Noticed a centaur warrior
  7763 | D:8      | Noticed Jeremiah
  7765 | D:8      | Killed a centaur warrior
  7766 | D:8      | Killed from afar by an efreet

Illustrated notes

Levels and vault maps discovered:
D:1:      mrwooster_arrival_arrow, layout_rooms
D:2:      layout_basic, minmay_quantized, uniq_natasha, uniq_jessica
D:3:      minmay_skewed_foursquare, layout_rooms, minmay_surrounded
D:4:      layout_cave_pools, serial_rivers, chequers_serial_rivers_room_a,
          chequers_serial_rivers_micro_e, chequers_serial_rivers_small_3,
          chequers_serial_rivers_micro_d, chequers_serial_rivers_micro_a,
          chequers_serial_rivers_small_a, minmay_manual_mandibuliform,
          uniq_ijyb, uniq_blork_the_orc
D:5:      layout_basic, chequers_temple_overflow_statue_of_worship,
          minmay_misc_feat_plants
D:6:      layout_gridville, nicolae_hepliaklqana_hippocampus,
          chequers_temple_overflow_minitemple, minmay_temple_entry_proselytizer,
          uniq_duvessa
D:7:      layout_basic, gammafunk_temple_overflow_arena, kennysheep_mini,
          general_overflow_altar, lemuel_coloured_pillars_altar
D:8:      minmay_cut_squares, layout_rooms,
          hangedman_abyss_or_decor_lesser_grid, uniq_jeremiah, uniq_joseph,
          uniq_maurice
Temple:   chequers_temple_sunken

Skill      XL: |  1  2  3  4  5  6  7  8  9 10 |
---------------+-------------------------------+-----
Fighting       | 4 5 6 7 8 |  8.0
Armour         | 4 5 6 7 8 |  8.0
Axes           | 4 7 8 |  8.5
Shields        | 5 8 |  8.0
Invocations    | 6 |  6.1

Action                     |  1- 3 |  4- 6 |  7- 9 | 10-12 || total
---------------------------+-------+-------+-------+-------++-------
  Melee: War axe           |    71 |   204 |   271 |       ||   546
         Battleaxe         |       |       |    69 |    24 ||    93
Ability: Dig               |       |     1 |       |       ||     1
         Shaft Self        |       |       |       |     1 ||     1
    Use: Scroll            |     6 |     2 |    10 |     2 ||    20
         Potion            |       |     3 |     2 |     2 ||     7
   Stab: Distracted        |       |       |     1 |       ||     1
 Armour: Scale mail        |    74 |    46 |       |       ||   120
         Plate armour      |       |   230 |   412 |    95 ||   737
  Dodge: Dodged            |    42 |    80 |   146 |    14 ||   282
  Block: Buckler           |    32 |    75 |   105 |    19 ||   231
         Form:             |       |       |     1 |       ||     1
         Serpent           |       |       |     1 |       ||     1
